 Dungeon Crawl Stone Soup version 0.23-a0-370-gf497b7c (webtiles) character file.

44577 MisterFreud the Spry (level 13, -14/64 HPs)
             Began as a Felid Transmuter on Oct 24, 2018.
             Was a High Priest of Cheibriados.
             Killed from afar by Azrael (42 damage)
             ... with a fireball
             ... on level 12 of the Dungeon.
             The game lasted 01:32:39 (19531 turns).

MisterFreud the Spry (Felid Transmuter)            Turns: 19531, Time: 01:32:40

Health: -14/64     AC:  3    Str: 21    XL:     13   Next: 97%
Magic:  18/22      EV: 37    Int: 29    God:    Cheibriados [*****.]
Gold:   1270       SH:  0    Dex: 31    Spells: 5/16 levels left
                                        Lives:  0   Deaths: 3

rFire    . . .     SeeInvis +     - Unarmed
rCold    + . .     Gourm    .   (shield unavailable)
rNeg     . . .     Faith    .   (armour unavailable)
rPois    .         Spirit   .   (helmet unavailable)
rElec    .         Reflect  .   (cloak unavailable)
rCorr    .         Harm     .   (gloves unavailable)
MR       +....                  (boots unavailable)
Stlth    ++++++....             p - amulet of regeneration
HPRegen  0.60/turn              F - ring of wizardry
MPRegen  0.18/turn              j - ring of stealth

@: about to teleport, blade paws, very slow
A: very small, no armour, no weapons or thrown items, stealth, claws 1, fangs 3,
see invisible, carnivore, speed 1, shaggy fur 3, slow metabolism 1
a: End Transformation, Bend Time, Temporal Distortion, Slouch, Step From Time,
Renounce Religion


You were on level 12 of the Dungeon.
You worshipped Cheibriados.
Cheibriados was extremely pleased with you.
You were full.
You had blades for front paws.
You visited 4 branches of the dungeon, and saw 21 of its levels.
You also visited: Ice Cave.

You collected 1732 gold pieces.
You spent 462 gold pieces at shops.

Inventory:

Missiles
 a - 314 arrows
Jewellery
 e - an uncursed ring of ice
 h - an uncursed ring of magical power
 j - a ring of stealth (right scythe-like blade)
 p - an amulet of regeneration (around neck)
 F - a ring of wizardry (left scythe-like blade)
Wands
 g - a wand of clouds (1)
 q - a wand of disintegration (9)
 u - a wand of flame (21)
 y - a wand of paralysis (46)
 B - a wand of digging (2)
 E - a wand of polymorph (10)
 L - a wand of iceblast (4)
Scrolls
 b - a scroll of teleportation
 i - 16 scrolls of remove curse
 k - a scroll of magic mapping
 o - a scroll of enchant weapon {unknown}
 t - 3 scrolls of fear
 v - a scroll of acquirement {unknown}
 w - a scroll of fog
 A - 2 scrolls of random uselessness {unknown}
 C - 2 scrolls of amnesia
 D - a scroll of immolation {unknown}
 H - a scroll of vulnerability {unknown}
 I - a scroll of silence {unknown}
 K - 2 scrolls of identify
Potions
 d - 9 potions of brilliance
 f - a potion of lignification
 l - 4 potions of curing
 n - 4 potions of might
 r - 6 potions of resistance
 s - a potion of magic
 x - a potion of flight
 z - a potion of agility
 G - a potion of mutation
 M - a potion of cancellation
Miscellaneous
 J - a fan of gales
Comestibles
 c - 37 rations


   Skills:
 - Level 12.0 Fighting
 - Level 16.0 Dodging
 - Level 12.0 Stealth
 - Level 12.0 Unarmed Combat
 - Level 2.0 Spellcasting
 - Level 8.0 Transmutations
 + Level 11.1 Invocations
 - Level 8.0 Evocations


You had 5 spell levels left.
You knew the following spells:

 Your Spells              Type           Power        Failure   Level  Hunger
a - Beastly Appendage     Tmut           #####.       4%          1    None
b - Sticks to Snakes      Tmut           #####...     4%          2    ##.....
c - Spider Form           Tmut/Pois      ####......   13%         3    ###....
d - Blade Hands           Tmut           #####.....   19%         5    ######.

Your spell library contained the following spells:

 Spells                   Type           Power        Failure   Level  Hunger
 Poisonous Vapours        Pois/Air       #.....       24%         2    ##.....
 Ice Form                 Ice/Tmut       ####....     26%         4    ####...
 Conjure Flame            Conj/Fire      #.......     36%         3    ###....
 Dazzling Spray           Conj/Hex       #.....       36%         3    ###....
 Lesser Beckoning         Tloc           #.........   36%         3    ###....
 Mephitic Cloud           Conj/Pois/Air  #.......     36%         3    ###....
 Stone Arrow              Conj/Erth      #.....       36%         3    ###....
 Freezing Cloud           Conj/Ice/Air   #.........   100%        6    #######
 Ring of Flames           Chrm/Fire      #.........   100%        7    #######
 Portal Projectile        Hex/Tloc       Unusable     N/A         3    N/A

Dungeon Overview and Level Annotations

Branches:
Dungeon (12/15)            Temple (1/1) D:4            Lair (6/6) D:8
 Shoals (0/4) Lair:3        Snake (0/4) Lair:3        Slime (0/5) Lair:6
    Orc (2/2) D:9             Elf (0/3) Orc:2

Altars:
Ashenzari
Cheibriados
Dithmenos
Elyvilon
Fedhas
Gozag
Hepliaklqana
Kikubaaqudgha
Nemelex Xobeh
Okawaru
Ru
Trog
Uskayaw
Wu Jian
Zin
Beogh

Shops:
D:4 !   Orc:2 *[:(

Annotations:
D:12 Azrael
Lair:1 exclusion: oklob plant
Lair:6 exclusion: 6 oklob plants


Innate Abilities, Weirdness & Mutations

You cannot wear armour.
You are incapable of wielding weapons or throwing items.
Your paws allow you to move quietly. (Stealth)
You have sharp claws.
You have razor-sharp teeth.
You have supernaturally acute eyesight. (SInv)
You are carnivorous and can eat meat at any time.
You cover ground quickly.
Your thick and shaggy fur keeps you warm. (AC +3, rC+)
You have a slow metabolism.
((Your sharp claws are effective at attacking unaware monsters.))


Message History

Casting: Blade Hands (safe; 3% risk of failure)
Confirm with . or Enter, or press ? or * to list all spells.
Your front paws turn into razor-sharp scythe blades.
The hell hound barks!
You shred the hell hound!!!
You kill the hell hound!
Cheibriados thoroughly appreciates the change of pace.
Azrael blows smoke rings.
Azrael gestures at you.
The bolt of fire hits the fire elemental.
The fire elemental completely resists.
The bolt of fire hits you!
Ouch! That really hurt!
As you read the scroll of teleportation, it crumbles to dust.
You feel strangely unstable. Azrael gestures at you.
The fireball explodes!
The fireball engulfs the fire elemental.
The fire elemental completely resists.
The fireball engulfs you!
Ouch! That really hurt!
You die...

..........#....#......#
..........#....#.§....#
........#.#....#§.....#
###.......#....#R.....#
..........#....#§.....#
.......#..#....#§.....#
####......#....#§.....#
####......# #E.....#
..........# #@.....#
..........# #......#
#####.....# #......#
####+#### #......# ...
#......# ......#......#
.....#.####.#
#....#......#
#....'......#


You could see Azrael and a fire elemental.

Vanquished Creatures
  Donald (Orc:2)
  A frost giant (IceCv)
  A fire giant (Orc:2)
  Erolcha (D:11)
  6 hydras
  6 death yaks (Lair:6)
  3 orc high priests (Orc:2)
  Sonja (D:11)
  Nergalle (D:12)
  An unseen horror (D:11)
  4 orc knights
  2 ugly things (D:12)
  9 orc sorcerers
  A manticore (D:11)
  11 elephants
  2 merfolk sirens (Lair:3)
  A centaur zombie (D:10)
  An ice statue (IceCv)
  4 black mambas
  Psyche (D:9)
  12 spiny frogs
  2 rime drakes (Lair:6)
  9 komodo dragons
  2 ice devils (Lair:4)
  A kobold demonologist (D:12)
  2 merfolk (Lair:3)
  A hornet (D:8)
  5 trolls
  17 polar bears
  Prince Ribbit (D:5)
  4 dream sheep (Lair:5)
  6 slime creatures (D:12)
  6 hippogriffs
  A wraith (D:11)
  3 wyverns
  7 basilisks
  A fire elemental (D:12)
  61 yaks
  2 hungry ghosts
  5 wargs
  2 soldier ants (D:8)
  Duvessa (D:6)
  2 hell hounds (D:12)
  9 water moccasins
  2 ice beasts (D:8)
  22 porcupines
  32 orc warriors
  2 phantoms
  2 sky beasts
  12 ogres
  2 black bears
  A necrophage (D:9)
  36 wolves
  8 centaurs
  10 crocodiles
  A big kobold (D:12)
  12 bullfrogs
  2 gnoll sergeants
  7 scorpions
  Dowan (D:6)
  18 killer bees
  5 wights (D:8)
  6 crimson imps
  2 bullfrog zombies
  3 centaur skeletons
  2 hounds
  3 jellies
  18 orc priests
  2 iguanas (D:7)
  2 bullfrog skeletons
  21 orc wizards
  4 hell rats (Lair:5)
  4 worker ants
  A hound skeleton (D:11)
  A worker ant zombie (D:7)
  3 gnolls (D:10)
  27 adders
  2 shadow imps
  An adder skeleton (D:7)
  An adder zombie (D:6)
  3 worms
  2 dart slugs
  6 leopard geckos
  88 orcs
  5 giant cockroaches
  7 goblins
  8 hobgoblins
  7 jackals
  9 kobolds
  5 quokkas
  2 ball pythons
  6 bats
  4 frilled lizards
  A leopard gecko skeleton (D:4)
  A leopard gecko zombie (D:6)
  7 rats
659 creatures vanquished.

Vanquished Creatures (collateral kills)
  A sky beast (D:5)
  A scorpion (D:4)
  2 adders (D:3)
  2 worms (D:3)
  2 orcs (D:3)
8 creatures vanquished.

Vanquished Creatures (others)
  22 fungi
  8 plants
30 creatures vanquished.

Grand Total: 697 creatures vanquished

Notes
Turn   | Place    | Note
-------+----------+-------------------------------------------
     0 | D:1      | MisterFreud the Felid Transmuter began the quest for the
                  | Orb.
     0 | D:1      | Reached XP level 1. HP: 9/9 MP: 4/4
   147 | D:1      | Reached skill level 1 in Stealth
   191 | D:1      | Reached XP level 2. HP: 12/12 MP: 6/6
  1053 | D:1      | You fall through a shaft!
  1062 | D:2      | Found a sparkling altar of Nemelex Xobeh.
  1264 | D:2      | Reached XP level 3. HP: 13/15 MP: 7/7
  1702 | D:2      | Learned a level 2 spell: Sticks to Snakes
  1712 | D:2      | Learned a level 3 spell: Spider Form
  1954 | D:3      | Found a blossoming altar of Fedhas.
  2092 | D:3      | Found a hazy altar of Hepliaklqana.
  2844 | D:3      | Found a bloodstained altar of Trog.
  2848 | D:3      | Reached XP level 4. HP: 20/20 MP: 8/8
  3668 | D:4      | Reached XP level 5. HP: 19/24 MP: 9/9
  3788 | D:4      | Found a staircase to the Ecumenical Temple.
  3795 | Temple   | Entered the Ecumenical Temple
  3859 | Temple   | Became a worshipper of Cheibriados the Contemplative
  4174 | D:4      | Slain by a scorpion
  4175 | D:4      | Reached XP level 4. HP: -3/31 MP: 16/17
  4345 | D:4      | Found Ydatsu's Distillery.
  4361 | D:4      | Bought a potion of heal wounds for 70 gold pieces
  4394 | D:4      | Reached skill level 5 in Unarmed Combat
  4394 | D:4      | Reached XP level 5. HP: 24/24 MP: 9/9
  4605 | D:4      | Gained mutation: You are covered in thick fur. (AC +2)
                  | [Felid growth]
  4605 | D:4      | Reached XP level 6. HP: 7/28 MP: 10/10
  5111 | D:5      | Entered Level 5 of the Dungeon
  5118 | D:5      | Reached skill level 3 in Dodging
  5268 | D:5      | Reached * piety under Cheibriados
  5268 | D:5      | Reached skill level 4 in Dodging
  5274 | D:5      | Reached skill level 5 in Dodging
  5363 | D:5      | Reached XP level 7. HP: 30/31 MP: 11/11
  5398 | D:5      | Reached skill level 6 in Dodging
  5510 | D:6      | Noticed Duvessa
  5510 | D:6      | Noticed Dowan
  5511 | D:6      | Killed Dowan
  5515 | D:6      | Noticed Prince Ribbit
  5614 | D:6      | Killed Duvessa
  5701 | D:4      | Reached skill level 1 in Evocations
  5861 | D:5      | Killed Prince Ribbit
  5892 | D:6      | Noticed a hand axe
  5893 | D:6      | Noticed a hand axe
  5899 | D:6      | Found a hide-covered altar of Uskayaw.
  5905 | D:6      | Reached XP level 8. HP: 34/34 MP: 12/12
  6306 | D:5      | Reached skill level 7 in Dodging
  6425 | D:6      | Reached ** piety under Cheibriados
  6493 | D:6      | Reached skill level 8 in Dodging
  6676 | D:6      | Reached skill level 5 in Transmutations
  6919 | D:7      | Reached XP level 9. HP: 37/37 MP: 13/13
  6929 | D:7      | Learned a level 5 spell: Blade Hands
  7353 | D:7      | Reached skill level 1 in Invocations
  7495 | D:7      | Found a white marble altar of Elyvilon.
  7495 | D:7      | Found an ancient bone altar of Kikubaaqudgha.
  7495 | D:7      | Found a sacrificial altar of Ru.
  7851 | D:8      | Reached *** piety under Cheibriados
  7905 | D:8      | Found an opulent altar of Gozag.
  8049 | D:8      | Reached skill level 5 in Evocations
  8125 | D:8      | Reached XP level 10. HP: 42/42 MP: 15/15
  8133 | D:8      | Reached skill level 5 in Invocations
  8413 | D:8      | Reached **** piety under Cheibriados
  8534 | D:8      | Found a staircase to the Lair.
  8957 | D:9      | Noticed Psyche
  8962 | D:9      | Killed Psyche
  9327 | D:9      | Found a roughly hewn altar of Beogh.
  9327 | D:9      | Found a staircase to the Orcish Mines.
  9345 | D:9      | Reached skill level 5 in Stealth
  9404 | D:9      | Reached ***** piety under Cheibriados
  9526 | D:10     | Entered Level 10 of the Dungeon
  9725 | D:10     | Found a hide-covered altar of Uskayaw.
 10171 | D:10     | Reached skill level 5 in Fighting
 10302 | D:4      | Bought a potion of heal wounds for 70 gold pieces
 10302 | D:4      | Bought a potion of degeneration for 14 gold pieces
 10302 | D:4      | Bought 2 potions of heal wounds for 140 gold pieces
 10302 | D:4      | Bought a potion of might for 56 gold pieces
 10302 | D:4      | Bought a potion of cancellation for 112 gold pieces
 10401 | Lair:1   | Entered Level 1 of the Lair of Beasts
 10426 | Lair:1   | Noticed a spiny frog
 10435 | Lair:1   | Killed a spiny frog
 10435 | Lair:1   | Reached XP level 11. HP: 16/48 MP: 18/18
 11083 | Lair:1   | Noticed an oklob plant
 11678 | Lair:2   | Reached skill level 9 in Dodging
 11740 | Lair:2   | Reached ****** piety under Cheibriados
 11823 | Lair:2   | Reached skill level 10 in Dodging
 11875 | Lair:2   | Reached skill level 11 in Dodging
 12530 | Lair:3   | Reached skill level 12 in Dodging
 12539 | Lair:3   | Gained mutation: Your thick and shaggy fur keeps you warm.
                  | (AC +3, rC+) [Felid growth]
 12539 | Lair:3   | Reached XP level 12. HP: 19/53 MP: 8/19
 12672 | Lair:3   | Found a staircase to the Snake Pit.
 12685 | Lair:3   | Identified Juett's Primer on Sorcery
 12794 | Lair:3   | Reached skill level 13 in Dodging
 12887 | Lair:3   | Found a staircase to the Shoals.
 12929 | Lair:3   | Noticed a six-headed hydra
 12968 | Lair:3   | Killed a six-headed hydra
 13123 | Lair:3   | Reached skill level 14 in Dodging
 13381 | Lair:4   | Noticed a four-headed hydra
 13384 | Lair:4   | Killed a four-headed hydra
 13636 | Lair:4   | Reached skill level 10 in Fighting
 13732 | Lair:4   | Found a frozen archway.
 13759 | IceCv    | Entered an ice cave
 13843 | IceCv    | Reached XP level 13. HP: 61/61 MP: 20/20
 13944 | IceCv    | Noticed a frost giant
 13991 | IceCv    | Killed a frost giant
 13991 | IceCv    | Reached skill level 10 in Unarmed Combat
 14590 | Lair:5   | Mangled by a komodo dragon
 14591 | Lair:5   | Reached XP level 12. HP: -7/87 MP: 16/19
 14861 | Lair:5   | You fall through a shaft!
 14861 | Lair:6   | Entered Level 6 of the Lair of Beasts
 14898 | Lair:6   | Found a dark tunnel.
 15438 | Lair:6   | Noticed a six-headed hydra
 15817 | Lair:6   | Reached XP level 13. HP: 63/63 MP: 16/20
 15910 | Lair:6   | Reached skill level 10 in Stealth
 16251 | Lair:6   | Found a staircase to the Slime Pits.
 16255 | Lair:6   | HP: 1/64 [acid (7)]
 16256 | Lair:6   | Killed from afar by an oklob plant
 16257 | Lair:6   | Reached XP level 12. HP: -7/61 MP: 18/19
 16402 | Lair:4   | Noticed a six-headed hydra
 16409 | Lair:4   | Killed a six-headed hydra
 16570 | Orc:1    | Entered Level 1 of the Orcish Mines
 16966 | Orc:2    | Entered Level 2 of the Orcish Mines
 16966 | Orc:2    | Noticed Donald
 16968 | Orc:2    | Killed Donald
 16968 | Orc:2    | Reached skill level 15 in Dodging
 16969 | Orc:2    | Found Riesa's Antique Weapon Boutique.
 16974 | Orc:2    | Noticed an orc warlord
 17062 | Orc:2    | Noticed a fire giant
 17062 | Orc:2    | an orc warlord changed into a fire giant
 17146 | Orc:2    | Reached XP level 13. HP: 64/64 MP: 14/20
 17215 | Orc:2    | Found Fuont's Book Shop.
 17328 | Orc:2    | Killed a fire giant
 17359 | Orc:2    | Found Dimpoll's General Store.
 17396 | Orc:2    | Found a staircase to the Elven Halls.
 17698 | Orc:2    | Reached skill level 16 in Dodging
 17714 | Orc:2    | Found Hoaxky's Antique Armour Shop.
 18141 | D:11     | Found a labyrinth entrance.
 18428 | D:11     | Noticed Sonja
 18438 | D:11     | Killed Sonja
 18438 | D:11     | Reached skill level 10 in Invocations
 18526 | D:11     | Noticed Erolcha
 18535 | D:11     | Killed Erolcha
 18959 | D:12     | Noticed Nergalle
 18963 | D:12     | Killed Nergalle
 19086 | D:12     | HP: 1/64 [very large slime creature (45)]
 19124 | D:12     | HP: 2/96 [slime creature (11)]
 19486 | D:12     | Noticed Azrael
 19531 | D:12     | Killed from afar by Azrael

Vault maps used:
D:1:      lemuel_arrival_rhombus, chequers_serial_rivers_large_b,
          minmay_misc_feat_tiny
D:2:      nemelex_xobeh_ov_fountains_minmay
D:3:      old_standard_altar, old_standard_altar, trog_butcher_becter
D:4:      cheibrodos_helix_gallery, minmay_temple_entry_trees, serial_shops,
          shop, corexii_shack, minmay_bisected
D:5:      first_ration
D:6:      dancing_weapons_uskayaw, sword_in_stone, uniq_prince_ribbit1,
          uniq_duvessa
D:7:      chequers_temple_overflow_statue_of_worship
D:8:      grunt_lair_entry_orc_guard_hut, hangedman_pestilent_swarm,
          grunt_gozag_breadcrumbs
D:9:      david_orc_5, uniq_psyche
D:10:     basic_altar
D:11:     lab_entry_generic, minmay_item_behind_shaft, grunt_decor_cap,
          uniq_sonja, uniq_erolcha
D:12:     uniq_nergalle, uniq_azrael
Temple:   eino_temple_scatter_basement
Lair:1:   minmay_lair_oklob_bushes, grunt_megastairs_3
Lair:2:   minmay_lair_venomous_thicket, serial_bayou_shore_a,
          infiniplex_staircase_pool_2, grunt_megastairs_2
Lair:3:   elwin_shoals_entry_stream, dummy_snake_entry, beast_lair_carwin_1,
          lemuel_fruit_tree
Lair:4:   portal_ice_cave_demonic_guard
Lair:5:   beast_lair_carwin_5, infiniplex_staircase_pool
Lair:6:   grunt_lair_end_beastmaster, minmay_slime_entry_oklob_open,
          nicolae_volcano_entry_two_sided
Orc:2:    grunt_orc_gardens, grunt_orc_garden, grunt_orc_garden,
          grunt_orc_garden, grunt_orc_garden, uniq_donald
IceCv:    ice_cave_small_giant

Skill      XL: |  1  2  3  4  5  6  7  8  9 10 11 12 13 |
---------------+----------------------------------------+-----
Stealth        | 2 4 7 8 12 11 | 12.0
Fighting       | 2 3 5 6 11 12 | 12.0
Unarmed Combat | 5 6 8 12 11 | 12.0
Dodging        | 5 6 8 12 15 16 | 16.0
Transmutations | 4 5 8 |  8.0
Evocations     | 4 6 8 |  8.0
Invocations    | 4 8 11 | 11.1
Spellcasting   | |  2.0

Action                   |  1- 3 |  4- 6 |  7- 9 | 10-12 | 13-15 || total
-------------------------+-------+-------+-------+-------+-------++-------
Melee: Unarmed           |   124 |   133 |   198 |   549 |   364 ||  1368
       Headbutt          |    13 |    12 |       |       |       ||    25
       Bite              |     4 |    10 |    13 |    82 |    73 ||   182
       Punch             |       |     2 |     4 |    35 |    38 ||    79
 Cast: Beastly Appendage |    29 |    17 |       |       |       ||    46
       Sticks to Snakes  |     7 |    27 |     5 |       |       ||    39
       Spider Form       |       |     2 |    22 |       |       ||    24
       Blade Hands       |       |       |     7 |    78 |    36 ||   121
Invok: Slouch            |       |       |       |     8 |    10 ||    18
       Temporal Distorti |       |       |       |     1 |       ||     1
       Step From Time    |       |       |       |     1 |     1 ||     2
Evoke: Wand              |       |     2 |     8 |    34 |    10 ||    54
  Use: Scroll            |     5 |     4 |     4 |     6 |     5 ||    24
       Potion            |       |     2 |     4 |     3 |    18 ||    27
 Stab: Sleeping          |     6 |     9 |    13 |    38 |    23 ||    89
       Distracted        |       |       |     1 |     2 |     1 ||     4
       Paralysed         |       |       |       |     2 |     3 ||     5
       Invisible         |       |       |       |       |     5 ||     5
  Eat: Chunk             |    12 |    13 |    12 |    52 |    19 ||   108
Armor: Skin              |    12 |    11 |    10 |    43 |    19 ||    95
Dodge: Dodged            |    99 |   133 |   239 |   452 |   398 ||  1321

Table legend:
 A = Non-vault XP
 B = Vault XP
 C = Vault XP percentage of total XP
 D = Non-vault monster count
 E = Vault monster count
 F = Vault count percentage of total count
                 A         B        C        D         E       F
            +---------+---------+-------+---------+---------+-------
      Total |   61517 |   42881 |  41.1 |     491 |     176 |  26.4
            +---------+---------+-------+---------+---------+-------
        D:1 |      27 |       0 |   0.0 |      15 |       0 |   0.0
        D:2 |      27 |       0 |   0.0 |      17 |       0 |   0.0
        D:3 |     118 |       7 |   5.6 |      26 |       4 |  13.3
        D:4 |     324 |     140 |  30.2 |      20 |       7 |  25.9
        D:5 |     399 |     634 |  61.4 |      10 |       4 |  28.6
        D:6 |     784 |     418 |  34.8 |      24 |       4 |  14.3
        D:7 |     633 |       0 |   0.0 |      15 |       0 |   0.0
        D:8 |    2058 |    1364 |  39.9 |      32 |      10 |  23.8
        D:9 |    1142 |     970 |  45.9 |      20 |      23 |  53.5
       D:10 |    1204 |       0 |   0.0 |      17 |       0 |   0.0
       D:11 |    3607 |    1826 |  33.6 |      23 |       2 |   8.0
       D:12 |    5735 |    1304 |  18.5 |      34 |       4 |  10.5
     Lair:1 |    2425 |     548 |  18.4 |      18 |       2 |  10.0
     Lair:2 |    1844 |    3600 |  66.1 |      11 |      23 |  67.6
     Lair:3 |    7780 |    3594 |  31.6 |      41 |      12 |  22.6
     Lair:4 |    5167 |     692 |  11.8 |      16 |       2 |  11.1
     Lair:5 |    3897 |    1873 |  32.5 |      21 |       6 |  22.2
     Lair:6 |   16656 |    3360 |  16.8 |      50 |      10 |  16.7
      Orc:1 |    4926 |       0 |   0.0 |      49 |       0 |   0.0
      Orc:2 |    2764 |   12491 |  81.9 |      32 |      28 |  46.7
      IceCv |       0 |   10060 | 100.0 |       0 |      35 | 100.0
            +---------+---------+-------+---------+---------+-------
